 Dungeon Crawl Stone Soup version 0.29-a0-234-g0dae59b3db (webtiles) character file.

Game seed: 8433451401018684131

32774 HotDog the Protected (level 13, -2/115 HPs)
             Began as a Minotaur Fighter on Mar 3, 2022.
             Was a High Priest of the Shining One.
             Slain by a skeletal warrior
             ... wielding a +0 scimitar
              (18 damage)
             ... on level 12 of the Dungeon.
             The game lasted 00:25:38 (16069 turns).

HotDog the Protected (Minotaur Fighter)            Turns: 16069, Time: 00:25:38

Health: -2/115     AC: 29    Str: 26    XL:     13   Next: 33%
Magic:  16/18      EV: 10    Int:  5    God:    the Shining One [*****.]
Gold:   1237       SH: 17    Dex: 22    Spells: 12/12 levels left

rFire   + . .      SeeInvis .   C - +9 lance "Wyrmbane" {slay drac, rPois rF+ rC+ AC+3}
rCold   + . .      Faith    .   c - +0 buckler
rNeg    + + .      Spirit   .   E - +2 crystal plate armour
rPois   +          Reflect  .   (helmet restricted)
rElec   .          Harm     .   (no cloak)
rCorr   .          Rampage  .   i - +1 pair of gloves
Will    .....                   (no boots)
Stlth   ..........              (no amulet)
HPRegen 0.29/turn               l - +6 ring of dexterity
MPRegen 0.16/turn               L - +6 ring of dexterity

@: divinely shielded, glowing
A: horns 2, retaliatory headbutt, poison resistance
a: Renounce Religion, Divine Shield, Cleansing Flame, Summon Divine Warrior


You were on level 12 of the Dungeon.
You worshipped the Shining One.
The Shining One was extremely pleased with you.
You visited 2 branches of the dungeon, and saw 14 of its levels.
You also visited: Sewer and Bailey.

You collected 1422 gold pieces.
You spent 185 gold pieces at shops.

Inventory:

Hand Weapons
 p - a +3 flail of protection
 C - the +9 lance "Wyrmbane" (weapon) {slay drac, rPois rF+ rC+ AC+3}
   (You took it off Maggie on level 8 of the Dungeon)

   It inflicts extra damage against dragons and draconians.
   AC:        It affects your AC (+3).
   rF:        It protects you from fire.
   rC:        It protects you from cold.
   rPois:     It protects you from poison.
Missiles
 r - 3 throwing nets (quivered)
Armour
 c - a +0 buckler (worn)
 i - a +1 pair of gloves (worn)
 u - a +2 chain mail of fire resistance
 E - a +2 crystal plate armour (worn)
Jewellery
 e - an amulet of faith
 l - a +6 ring of dexterity (left hand)
 s - an amulet of the acrobat
 y - a ring of protection from cold
 L - a +6 ring of dexterity (right hand)
 O - a +6 ring of intelligence
Wands
 d - a wand of flame (26)
 t - a wand of paralysis (13)
 v - a wand of mindburst (13)
 K - a wand of acid (5)
 N - a wand of digging (6)
Scrolls
 a - 6 scrolls of teleportation
 f - 2 scrolls of amnesia
 j - 4 scrolls of immolation
 k - 3 scrolls of blinking
 m - 2 scrolls of fog
 n - 2 scrolls of noise
 o - a scroll of brand weapon
 A - a scroll of enchant armour
 H - 6 scrolls of enchant weapon
 I - 2 scrolls of summoning
 J - a scroll of magic mapping
 M - 2 scrolls of identify
Potions
 b - 6 potions of might
 g - 3 potions of magic {unknown}
 h - 3 potions of degeneration
 q - 4 potions of cancellation
 w - a potion of attraction {unknown}
 x - 2 potions of flight
 z - 8 potions of curing
 B - a potion of heal wounds
 D - 2 potions of invisibility {unknown}
 F - 2 potions of brilliance {unknown}
 G - a potion of haste


   Skills:
 * Level 10.8 Fighting
 - Level 5.2 Long Blades
 - Level 8.0 Maces & Flails
 * Level 12.2 Polearms
 * Level 12.6 Armour
 * Level 8.4 Dodging
 * Level 10.1 Shields
 * Level 8.0 Invocations


You had 12 spell levels left.
You didn't know any spells.
Your spell library contained the following spells:

 Spells                   Type           Power      Damage    Failure   Level
 Sandblast                Erth           0%         2d4       100%        1
 Sting                    Tmut/Pois      0%         1d3       100%        1
 Corpse Rot               Necr/Air       0%         N/A       100%        2
 Passwall                 Tmut/Erth      0%         N/A       100%        2
 Poisonous Vapours        Pois/Air       0%         N/A       100%        2
 Call Canine Familiar     Summ           0%         N/A       100%        3
 Portal Projectile        Hex/Tloc       0%         N/A       100%        3
 Stone Arrow              Conj/Erth      0%         3d7       100%        3
 Leda's Liquefaction      Hex/Erth       0%         N/A       100%        4
 Olgreb's Toxic Radiance  Pois           0%         N/A       100%        4
 Summon Forest            Summ/Tloc      0%         N/A       100%        5
 Summon Mana Viper        Hex/Summ       0%         N/A       100%        5
 Summon Cactus Giant      Summ           0%         N/A       100%        6


Dungeon Overview and Level Annotations

Branches:
Dungeon (13/15)            Temple (1/1) D:4            Lair (0/6) D:10
    Orc (0/2) D:12          Sewer (visited)          Bailey (visited)
 Vaults: D:13-14

Altars:
Ashenzari
Gozag
Kikubaaqudgha
Nemelex Xobeh
Qazlal
Uskayaw
Vehumet
Yredelemnul
The Shining One

Shops:
D:6 ?   D:9 **


Innate Abilities, Weirdness & Mutations

You have a pair of horns on your head.
You reflexively headbutt those who attack you in melee.
Your system is resistant to poisons. (rPois)


Message History

You headbutt the skeletal warrior, but do no damage.
The skeletal warrior is almost destroyed.
The skeletal warrior hits you but does no damage. x2
You hit the skeletal warrior.
You headbutt the skeletal warrior, but do no damage.
The skeletal warrior is heavily damaged.
You puncture the skeletal warrior!
You destroy the skeletal warrior!
The Shining One accepts your kill.
You feel better.
You feel your power returning.
The skeletal warrior hits you with a +0 scimitar!
* * * LOW HITPOINT WARNING * * *
Your shield is strengthened by the Shining One's divine power.
The skeletal warrior hits you with a +0 scimitar.
* * * LOW HITPOINT WARNING * * *
You block the skeletal warrior's attack.
You see here a +0 war axe.
You hit the skeletal warrior but do no damage.
The skeletal warrior is moderately damaged.
You hit the skeletal warrior.
The skeletal warrior is heavily damaged.
You block the skeletal warrior's attack.
You hit the skeletal warrior but do no damage.
The skeletal warrior is heavily damaged.
You hit the skeletal warrior.
You headbutt the skeletal warrior, but do no damage.
The skeletal warrior is heavily damaged.
The skeletal warrior hits you with a +0 scimitar!
* * * LOW HITPOINT WARNING * * *
You puncture the skeletal warrior!
The skeletal warrior is heavily damaged.
You hit the skeletal warrior.
The skeletal warrior is severely damaged.
You block the skeletal warrior's attack.
You hit the skeletal warrior but do no damage.
The skeletal warrior is severely damaged.
You barely miss the skeletal warrior.
The skeletal warrior is severely damaged.
The skeletal warrior hits you with a +0 scimitar!!
You die...

...#..#.......#####......#
...#..##..........#......###
..##...#..........#........#
..#....#..........#........#
..#....#..........#........#
..#...>#..#########........#
..#....#..#................#
###....#..#.....z..........#
.......####....>@..........#
...........................#
.........................###
#####....................#
....#....................#
!...#.........###'###....#
....#.........#.....#....#
....#.........#.....#....#
....#.........#.....#....#


You could see a skeletal warrior.

Vanquished Creatures
  Harold (D:9)
  2 boulder beetles (D:13)
  A hydra (D:13)
  A skeletal warrior (D:12)
  An orc knight (Bailey)
  A spectral boulder beetle (D:11)
  Joseph (D:7)
  A centaur zombie (D:11)
  Maurice (D:11)
  A spectral centaur (D:11)
  3 centaur skeletons (D:11)
  Maggie (D:8)
  A gargoyle (D:11)
  2 unseen horrors (D:12)
  6 trolls
  Grinder (D:4)
  3 slime creatures (D:13)
  2 spectral black mambas (D:11)
  11 flying skulls (D:11)
  Sigmund (D:2)
  8 wraiths
  4 shadows
  2 centaur simulacra (D:11)
  2 wyverns
  A vampire (D:11)
  10 yaks
  2 basilisks (D:11)
  A steam dragon (D:9)
  5 vampire mosquitoes
  6 wargs (D:11)
  Menkaure (D:4)
  An acid dragon (D:9)
  A water moccasin (D:9)
  Duvessa (D:4)
  15 orc warriors
  A sky beast (D:5)
  3 black bears
  4 ogres
  3 black mamba simulacra (D:11)
  3 ice beasts
  9 centaurs
  A phantom (D:5)
  A bullfrog (D:9)
  2 kobold brigands (D:9)
  A necrophage (D:4)
  A gnoll sergeant (D:9)
  3 scorpions
  5 wights (D:9)
  6 killer bees
  5 howler monkeys
  4 hounds
  3 jellies
  10 orc priests
  4 iguanas
  16 orc wizards
  8 hell rats
  10 adders
  4 gnolls (D:5)
  2 river rats (Sewer)
  A shadow imp (D:8)
  2 worms
  76 orcs
  7 ball pythons
  2 bats (D:1)
  7 endoplasms
  7 giant cockroaches
  5 hobgoblins
  6 jackals
  4 quokkas
  10 frilled lizards
  10 goblins
  13 kobolds
  2 rats
363 creatures vanquished.

Vanquished Creatures (collateral kills)
  A centaur warrior (D:13)
  A cyclops (D:13)
  3 centaurs (D:13)
  A frilled lizard (D:1)
6 creatures vanquished.

Vanquished Creatures (others)
  Dowan (D:4)
1 creature vanquished.

Grand Total: 370 creatures vanquished

Notes
Turn   | Place    | Note
-------+----------+-------------------------------------------
     0 | D:1      | HotDog the Minotaur Fighter began the quest for the Orb.
     0 | D:1      | Reached XP level 1. HP: 19/19 MP: 0/0
   279 | D:1      | Reached XP level 2. HP: 25/27 MP: 1/1
   945 | D:2      | Noticed Sigmund
   958 | D:1      | Reached XP level 3. HP: 23/33 MP: 2/2
  1217 | D:2      | Reached skill level 1 in Dodging
  1259 | D:2      | Noticed an ogre
  1516 | D:2      | Killed Sigmund
  1517 | D:2      | Reached skill level 1 in Invocations
  1517 | D:2      | Reached XP level 4. HP: 23/41 MP: 2/4
  1517 | D:2      | Reached XP level 5. HP: 26/47 MP: 2/5
  1819 | D:3      | Gained mutation: Your mind is acute. (Int +2) [potion of
                  | mutation]
  1820 | D:3      | Lost mutation: Your mind is acute. (Int +2) [potion of
                  | mutation]
  1820 | D:3      | Gained mutation: Your system is resistant to poisons.
                  | (rPois) [potion of mutation]
  1907 | D:3      | Reached skill level 5 in Long Blades
  2014 | D:3      | Reached XP level 6. HP: 53/53 MP: 6/6
  2170 | D:4      | Noticed Grinder
  2176 | D:4      | Reached skill level 1 in Maces & Flails
  2192 | D:4      | Paralysed by Grinder for 2 turns
  2206 | D:4      | Killed Grinder
  2207 | D:4      | Reached skill level 5 in Armour
  2207 | D:4      | Reached skill level 5 in Shields
  2207 | D:4      | Reached XP level 7. HP: 21/60 MP: 7/7
  2547 | D:4      | Noticed Menkaure
  2554 | D:4      | Killed Menkaure
  2555 | D:4      | Reached skill level 5 in Fighting
  2774 | D:4      | Killed Dowan
  3204 | D:4      | Noticed Duvessa
  3215 | D:4      | Killed Duvessa
  3560 | D:4      | Found a staircase to the Ecumenical Temple.
  3571 | Temple   | Entered the Ecumenical Temple
  3717 | Temple   | Became a worshipper of the Shining One
  3845 | D:5      | Entered Level 5 of the Dungeon
  4396 | D:5      | Reached XP level 8. HP: 49/68 MP: 9/9
  5006 | D:5      | Identified the +3 trident "Bierrosel" {vorpal, rC+ Stlth+}
  5098 | D:5      | Reached skill level 5 in Maces & Flails
  5394 | D:6      | Found a glowing drain.
  5406 | Sewer    | Entered a sewer
  6086 | D:6      | Reached XP level 9. HP: 48/75 MP: 10/10
  6350 | D:6      | Found Qicepn's Magic Scroll Boutique.
  7099 | D:7      | Noticed Joseph
  7114 | D:7      | Killed Joseph
  7675 | D:7      | Identified the +10 plate armour "Oxzoasoduz" {Harm Rampage}
  7930 | D:8      | Noticed Maggie
  7939 | D:8      | Killed Maggie
  8145 | D:8      | Reached skill level 1 in Polearms
  8545 | D:9      | Noticed Harold
  8548 | D:9      | Reached skill level 5 in Dodging
  8733 | D:9      | Found a sparkling altar of Nemelex Xobeh.
  8734 | D:9      | Found a radiant altar of Vehumet.
  8764 | D:9      | Reached * piety under the Shining One
  8776 | D:9      | Reached XP level 10. HP: 37/80 MP: 12/12
  9406 | D:9      | Killed Harold
  9612 | D:9      | Found Tenadaf's Specific Store.
  9618 | D:9      | Found Hiuloy's General Store.
  9633 | D:9      | Bought 2 potions of might for 80 gold pieces
  9633 | D:9      | Bought a scroll of blinking for 75 gold pieces
  9633 | D:9      | Bought a potion of curing for 30 gold pieces
 10038 | D:9      | Reached skill level 5 in Invocations
 10053 | D:9      | Reached skill level 5 in Polearms
 10305 | D:9      | Reached skill level 10 in Armour
 10540 | D:10     | Entered Level 10 of the Dungeon
 10541 | D:10     | Identified a scroll of acquirement
 10541 | D:10     | Acquired 667 gold pieces
 10600 | D:10     | Found a flagged portal.
 10647 | Bailey   | Entered a bailey
 11288 | Bailey   | Noticed an orc knight
 11304 | Bailey   | Killed an orc knight
 11305 | Bailey   | Reached XP level 11. HP: 69/94 MP: 14/14
 11599 | Bailey   | Reached XP level 12. HP: 103/103 MP: 14/16
 11849 | D:10     | Reached ** piety under the Shining One
 12132 | D:10     | Found a staircase to the Lair.
 12760 | D:11     | Noticed Maurice
 12769 | D:11     | Killed Maurice
 12868 | D:11     | Reached *** piety under the Shining One
 12994 | D:11     | Reached skill level 10 in Polearms
 13295 | D:11     | Reached **** piety under the Shining One
 13470 | D:11     | Reached skill level 10 in Fighting
 13617 | D:11     | Found an ancient bone altar of Kikubaaqudgha.
 14166 | D:11     | Reached ***** piety under the Shining One
 14593 | D:12     | Found a staircase to the Orcish Mines.
 14707 | D:12     | Reached XP level 13. HP: 110/114 MP: 17/17
 15541 | D:13     | Reached skill level 10 in Shields
 16069 | D:12     | Slain by a skeletal warrior

Illustrated notes

Levels and vault maps discovered:
D:1:      minmay_arrival_three_doors, layout_loops_ring
D:2:      layout_loops_cross, serial_glass, glass_columns_a, glass_columns_b,
          grunt_decor_junction, uniq_jessica, uniq_robin,
          uniq_crazy_yiuf_cottage, uniq_sigmund
D:3:      layout_rooms
D:4:      layout_basic, lemuel_temple_firewalk_b, uniq_menkaure, uniq_duvessa,
          uniq_grinder
D:5:      layout_cave_pods
D:6:      layout_basic, serial_shops, nicolae_inconvenience_store,
          portal_sewer_entry_d, st_stairs_12, grunt_ministairs_10
D:7:      layout_loops_ring, uniq_joseph
D:8:      layout_loops_ring, minmay_door_square, uniq_maggie
D:9:      minmay_bubble_buster, layout_rooms, grunt_temple_overflow_open,
          nicolae_specific_store, uniq_harold
D:10:     layout_cave_pods, grunt_lair_entry_orc_guard_hut, enter_bailey_3,
          nicolae_water_bricks, chequers_serial_rivers_small_3
D:11:     lemuel_vampire_tower, layout_basic, serial_park_tiny_2, uniq_maurice
D:12:     layout_irregular_city, hiddenorc2_lemuel
D:13:     layout_big_octagon
Temple:   mainiacjoe_temple_cubbyholes

Skill      XL: |  1  2  3  4  5  6  7  8  9 10 11 12 13 |
---------------+----------------------------------------+-----
Shields        | 4 5 6 7 8 9 10 | 10.1
Long Blades    | 3 4 5 |  5.2
Fighting       | 4 5 6 7 8 10 | 10.8
Dodging        | 1 2 3 4 5 6 7 8 |  8.4
Armour         | 4 5 7 8 10 11 12 | 12.6
Invocations    | 1 2 3 4 5 6 7 8 |  8.0
Maces & Flails | 2 3 6 8 |  8.0
Polearms       | 2 7 8 11 12 | 12.2

Action                   |  1- 3 |  4- 6 |  7- 9 | 10-12 | 13-15 || total
-------------------------+-------+-------+-------+-------+-------++-------
Melee: Long sword        |    87 |    44 |       |       |       ||   131
       Headbutt          |    11 |    16 |    46 |   101 |    46 ||   220
       Flail             |       |    26 |   272 |       |       ||   298
       Lance             |       |       |    46 |   541 |   152 ||   739
Invok: Divine Shield     |       |       |       |     1 |     3 ||     4
       Cleansing Flame   |       |       |       |       |     2 ||     2
       Summon Divine War |       |       |       |       |     1 ||     1
  Use: Scroll            |     6 |     1 |     7 |     7 |       ||    21
       Potion            |     1 |     5 |     4 |     2 |       ||    12
Armor: Scale mail        |    46 |    38 |    30 |       |       ||   114
       Chain mail        |       |       |   170 |   164 |    25 ||   359
       Skin              |       |       |       |    13 |       ||    13
       Crystal plate arm |       |       |       |       |    29 ||    29
Dodge: Dodged            |    41 |    48 |   156 |   153 |    32 ||   430
Block: Buckler           |    20 |    19 |    73 |   101 |    34 ||   247

Table legend: (Time is in decaauts)
 A = Elapsed time spent in this place.
 B = Non-inter-level travel time spent in this place.
 C = Inter-level travel time spent in this place.
 D = Time resting spent in this place.
 E = Time spent auto-exploring this place.
 F = Levels seen in this place.
 G = Mean time per level.
                   A        B        C        D        E       F      G
               +--------+--------+--------+--------+--------+-----+--------+
         Total |  16036 |  15363 |    673 |   2567 |  10346 |  16 | 1002.2 |
       Dungeon |  14540 |  13947 |    593 |   2338 |   9432 |  13 | 1118.5 |
        Temple |    195 |    115 |     80 |      0 |    109 |   1 |  195.0 |
         Sewer |    358 |    358 |      0 |      0 |    272 |   1 |  358.0 |
        Bailey |    941 |    941 |      0 |    229 |    533 |   1 |  941.0 |
               +--------+--------+--------+--------+--------+-----+--------+

Top non-repeatable levels by time:
     D:4: 1927 daAuts
    D:11: 1847 daAuts
     D:1: 1438 daAuts
     D:9: 1422 daAuts
     D:8: 1352 daAuts
     D:6: 1282 daAuts
     D:5: 1114 daAuts
    D:10: 1074 daAuts
    D:12: 983 daAuts
  Bailey: 941 daAuts
     D:7: 865 daAuts
     D:3: 558 daAuts
    D:13: 504 daAuts
   Sewer: 358 daAuts
  Temple: 195 daAuts
